 Dungeon Sprint DCSS version 0.32-a0-683-ge26c5dbc97 (webtiles) character file.

Game seed: 7351920813736878294

15 Revguard the Cutter (level 2, -1/26 HPs)
             Began as a Demonspawn Monk on Mar 12, 2024.
             Was a Believer of Wu Jian.
             Killed from afar by a purple draconian (18 damage)
             ... with a bolt of dispelling energy
             ... in the Dungeon (Sprint V: "Ziggurat Sprint").
             The game lasted 00:01:24 (98 turns).

Revguard the Cutter (Demonspawn Monk)                 Turns: 98, Time: 00:01:26

Health: -1/26      AC: 18    Str: 17    XL:     2   Next: 34%
Magic:  2/2        EV:  2    Int: 10    God:    Wu Jian [**....]
Gold:   0          SH:  0    Dex: 21    Spells: 1/1 levels left

rFire   + . .        C - +11 Screaming Sword {sonic wave}
rCold   + . .        d - orb {light}
rNeg    . . .        D - +5 gold dragon scales
rPois   +            (no helmet)
rElec   .            (no cloak)
rCorr   .            (no gloves)
SInv    .            (no boots)
Will    .....        (no amulet) Stlth
                     A - +6 ring of strength
HPRegen 0.24/turn    w - +6 ring of dexterity
MPRegen 0.08/turn

%: no teleportation
@: glowing
A: foul stench 1
a: Renounce Religion, Wall Jump


You were in the Dungeon.
You worshipped Wu Jian.
Wu Jian was pleased with you.
You visited 1 branch

Inventory:

Hand Weapons
 a - a +0 short sword
 C - the +11 Screaming Sword (weapon) {sonic wave}
   (You found it in the Dungeon)
Armour
 b - a +0 robe
 d - an orb of light (worn)
 D - +5 gold dragon scales (worn)
Jewellery
 v - a ring of flight
 w - a +6 ring of dexterity (right hand)
 x - a +6 ring of dexterity
 y - a +6 ring of intelligence
 z - a +6 ring of intelligence
 A - a +6 ring of strength (left hand)
 B - a +6 ring of strength
Wands
 t - a wand of mindburst (7)
 u - a wand of acid (7)
Scrolls
 j - 4 scrolls of blinking
 p - 4 scrolls of amnesia
 q - 7 scrolls of fog
 r - 5 scrolls of identify
 s - 2 scrolls of fear
Potions
 c - a potion of ambrosia
 e - 10 potions of curing
 f - 10 potions of heal wounds
 g - 6 potions of haste
 h - 7 potions of magic
 i - 3 potions of berserk rage
 k - 2 potions of brilliance
 l - 2 potions of invisibility
 m - 4 potions of resistance
 o - 5 potions of might


   Skills:
 + Level 4.3 Fighting
 * Level 4.9 Short Blades
 + Level 2.5 Armour
 + Level 3.8 Dodging
 + Level 2.7 Evocations


You had one spell level left.
You didn't know any spells.
Your spell library was empty.

Dungeon Overview and Level Annotations

Branches:
Dungeon (1/1)

Altars:
Ashenzari
Cheibriados
Dithmenos
Fedhas
Gozag
Hepliaklqana
Kikubaaqudgha
Makhleb
Nemelex Xobeh
Okawaru
Qazlal
Ru
Sif Muna
Trog
Uskayaw
Vehumet
Wu Jian
Xom
Yredelemnul
Beogh
Jiyva
Lugonu

Annotations:
D 1 transporter


Innate Abilities, Weirdness & Mutations

You may rarely emit foul miasma when damaged in melee.


Message History

Things that are here:
a +5 executioner's axe; a +5 battleaxe; a +5 broad axe
There is an ornate altar of the Wu Jian Council here.
You kneel at the altar of Wu Jian.
The Council welcomes you!
You can now lightly attack monsters by moving around them.
You can now perform airborne attacks.
You can now perform damaging attacks by moving towards foes.
You feel stronger.
A - a +6 ring of strength (left hand)
You feel agile.
w - a +6 ring of dexterity (right hand)
You feel more experienced!
Your Fighting skill increases to level 4!
Your Short Blades skill gained 2 levels and is now at level 4!
Your Armour skill gained 2 levels and is now at level 2!
Your Dodging skill increases to level 3!
Your Evocations skill gained 2 levels and is now at level 2!
You have reached level 2!
Your demonic ancestry asserts itself...
You begin to emit a foul stench of rot and decay.
There is a transporter here.
Welcome to arena 1.
You enter the transporter and appear at another place.
A purple draconian and a white imp come into view.
The purple draconian roars!
The white imp shouts!
The purple draconian breathes dispelling energy at you.
The bolt of dispelling energy hits you!
Found a +1 helmet of intelligence and a scarf of resistance.
Found a transporter.
You lunge at the white imp.
You slice the white imp!!
You kill the white imp!
The Council accepts your kill.
You spin and attack the purple draconian.
You slash the purple draconian!
The purple draconian is lightly wounded.
The purple draconian breathes dispelling energy at you.
The bolt of dispelling energy hits you!!
Ouch! That really hurt!
You die...

▓▓▓▓▓▓▓
▓.ß©ß.▓
▓.....▓
▓.[.[.▓
▓.@d..▓
▓.....▓
▓..©..▓
▓▓▓▓▓▓▓


You could see a purple draconian (catching breath).

Vanquished Creatures
  A white imp (D)
1 creature vanquished.

Notes
Turn   | Place    | Note
-------+----------+-------------------------------------------
     0 | D        | Revguard the Demonspawn Monk began the quest for the Orb.
     0 | D        | Reached XP level 1. HP: 18/18 MP: 1/1
     0 | D        | Found a shimmering blue altar of Sif Muna.
     0 | D        | Found a bloodstained altar of Trog.
     0 | D        | Found a sacrificial altar of Ru.
     0 | D        | Found a stormy altar of Qazlal.
     0 | D        | Found an iron altar of Okawaru.
     1 | D        | Found a sparkling altar of Nemelex Xobeh.
     1 | D        | Found a blossoming altar of Fedhas.
     1 | D        | Found the +6 Majin-Bo {spellvamp, MP+6 Int+6}
     1 | D        | Found the +27 heavy crossbow "Sniper" {heavy, Acc+∞ SInv}
     1 | D        | Found the +10 dark maul {heavy}
     1 | D        | Found the +15 Maxwell's patent armour {-Cast -Tele rElec
                  | Will+ rCorr}
     1 | D        | Found the +18 shield of the Gong {Loud rN+ Will+ rCorr
                  | EV-5}
     1 | D        | Found the +16 obsidian axe {drain, demonic, Mesm ^Drain Fly
                  | SInv}
     1 | D        | Found the +7 great mace "Firestarter" {flame, immolate,
                  | rFlCloud rF++}
     1 | D        | Found the +6 shillelagh "Devastator" {shatter}
     1 | D        | Found the +11 plutonium sword {^Contam Stlth-}
     1 | D        | Found the +8 lance "Wyrmbane" {slay drac, rPois rF+ rC+
                  | AC+3}
     1 | D        | Found the +9 sword of Zonguldrok {reap}
     1 | D        | Found the +13 scythe of Curses {drain, curses, ^Drain}
     1 | D        | Found the +9 sword of Power {lifebolt}
     1 | D        | Found the +7 mace of Variability {chaos, chaos arc}
     1 | D        | Found the +11 Singing Sword {sonic wave}
     1 | D        | Found the +8 storm bow {elec, penet}
     3 | D        | Found a transporter.
     3 | D        | Found an ancient bone altar of Kikubaaqudgha.
     3 | D        | Found a viscous altar of Jiyva.
     3 | D        | Found a corrupted altar of Lugonu.
     3 | D        | Found a hazy altar of Hepliaklqana.
     3 | D        | Found a burning altar of Makhleb.
     3 | D        | Found an opulent altar of Gozag.
    80 | D        | Became a worshipper of the Wu Jian Council
    80 | D        | Reached * piety under Wu Jian
    80 | D        | Reached ** piety under Wu Jian
    83 | D        | Gained mutation: You may rarely emit foul miasma when
                  | damaged in melee. [demonic ancestry]
    83 | D        | Reached XP level 2. HP: 25/25 MP: 2/2
    96 | D        | Entered arena 2.
    96 | D        | Noticed a purple draconian
    96 | D        | Found a transporter.
    98 | D        | Killed from afar by a purple draconian

Illustrated notes

Levels and vault maps discovered:
D:        sprint_v [room_start, room_1, room_2, room_3, room_4, room_5, room_6,
          room_7, room_8, room_9, room_10, room_11, room_12, room_13, room_14,
          room_15, room_16, room_17, room_18, room_19, room_20, room_21,
          room_22, room_23, room_24, room_25, room_26, room_27]

Skill      XL: |  1 |
---------------+----+-----
Fighting       | 4 |  4.3
Short Blades   | 4 |  4.9
Armour         | 2 |  2.5
Dodging        | 3 |  3.8
Evocations     | 2 |  2.7

Action                     || total
---------------------------++-------
  Melee: Double sword      ||     2
Ability: Lunge             ||     1
         Whirlwind         ||     1
    Use: Potion            ||     1
 Armour: Gold dragon scale ||     2

Table legend: (Time is in decaauts)
 A = Elapsed time spent in this place.
 B = Non-inter-level travel time spent in this place.
 C = Inter-level travel time spent in this place.
 D = Time resting spent in this place.
 E = Time spent auto-exploring this place.
 F = Levels seen in this place.
 G = Mean time per level.
                   A        B        C        D        E       F      G
               +--------+--------+--------+--------+--------+-----+--------+
         Total |     96 |     96 |      0 |      0 |      0 |   1 |   96.0 |
       Dungeon |     96 |     96 |      0 |      0 |      0 |   1 |   96.0 |
               +--------+--------+--------+--------+--------+-----+--------+

Top non-repeatable levels by time:
       D: 96 daAuts
